 Dungeon Crawl Stone Soup version 0.19.5 (webtiles) character file.

282 KeiraKnightley the Archer (level 6, 0/52 HPs)
             Began as a Centaur Hunter on Sept 13, 2017.
             Slain by a hound (4 damage)
             ... on level 4 of the Dungeon.
             The game lasted 00:11:43 (3154 turns).

KeiraKnightley the Archer (Centaur Hunter)          Turns: 3154, Time: 00:11:43

Health: 0/52       AC:  4    Str: 16    XL:     6   Next: 6%
Magic:  6/6        EV:  9    Int: 10    God:
Gold:   184        SH:  0    Dex: 10    Spells: 0 memorised, 5 levels left

rFire  + . .     SeeInvis .     a - +2 shortbow
rCold  . . .     Gourm    .     h - +0 leather armour {rF+}
rNeg   . . .     Faith    .     (shield currently unavailable)
rPois  .         Spirit   .     (no helmet)
rElec  .         Reflect  .     (no cloak)
rCorr  .         Harm     .     (no gloves)
MR     .....                    (no barding)
Stlth  +.........               (no amulet)
                                (no ring)
                                (no ring)

@: flying, very quick
A: hooves 3, deformed body, speed 2, tough skin 3
a: no special abilities


You were on level 4 of the Dungeon.
You were not hungry.

You visited 1 branch of the dungeon, and saw 4 of its levels.

You collected 184 gold pieces.

Inventory:

Hand Weapons
 a - a +2 shortbow (weapon)
 b - a +0 short sword
 q - a +0 falchion
Missiles
 d - 3 arrows (quivered)
Armour
 c - a +0 leather armour
 g - a +1 ring mail
 h - a +0 leather armour of fire resistance (worn)
 j - a +2 robe of magic resistance
Jewellery
 r - an uncursed ring of fire
Scrolls
 e - a scroll of identify
 i - 3 scrolls of remove curse
Potions
 k - 4 potions of might
Comestibles
 f - 4 bread rations
 l - a beef jerky
 n - 10 chunks of flesh


   Skills:
 + Level 3.7 Fighting
 + Level 1.5 Long Blades
 * Level 8.3 Bows
 - Level 1.3 Dodging
 - Level 0.4 Stealth


You had 5 spell levels left.
You didn't know any spells.

Dungeon Overview and Level Annotations

Branches:
Dungeon (4/15)
 Temple: D:4-7

Altars:
Hepliaklqana
Nemelex Xobeh
Sif Muna
Xom
The Shining One


Innate Abilities, Weirdness & Mutations

You have hooves in place of feet.
Armour fits poorly on your strangely shaped body.
You cover ground very quickly.
You have extremely tough skin. (AC +3)


Message History

Press: ? - help, Shift-Dir - straight line, f/p - hound
Aim: a hound (almost dead)
You shoot an arrow. The arrow barely misses the hound.
The arrow hits the howler monkey but does no damage.
The howler monkey is heavily wounded.
The hound bites you but does no damage. The hound bites you.
* * * LOW HITPOINT WARNING * * *
Okay, then.
As you read the scroll labeled DOIWOA HURUKH, it crumbles to dust.
It is a scroll of enchant weapon.
Your +1 shortbow glows red for a moment.
The hound barely misses you.
Firing (i - inventory):
d - 4 arrows (quivered)
Press: ? - help, Shift-Dir - straight line, f/p - hound
Aim: a hound (almost dead)
You shoot an arrow. The arrow barely misses the hound.
The arrow hits the howler monkey but does no damage.
The howler monkey is heavily wounded.
The hound bites you.
You die...

######## #......#
########.####.#
#((.whh@...##.####
#.######.#.......#
######.#
#.####<##.#
#......#
#.####.##.#
#.w....#
#.....>##.#
#####.####h#
#########.#
...........# #.#
.#......##.# #.#
#.#..#h##.# #.#


You could see a worm, a howler monkey and a hound.

Vanquished Creatures
  A scorpion (D:3)
  A howler monkey (D:4)
  A hound (D:4)
  Jessica (D:2)
  A worker ant (D:3)
  A hound skeleton (D:4)
  3 adders
  An ooze (D:3)
  2 worms (D:3)
  A dart slug (D:2)
  2 leopard geckos
  2 orcs (D:3)
  3 ball pythons
  2 giant cockroaches
  3 goblins
  12 hobgoblins
  3 jackals (D:3)
  6 kobolds
  A quokka (D:2)
  6 bats
  3 frilled lizards
  6 rats
62 creatures vanquished.

Notes
Turn   | Place    | Note
-------+----------+-------------------------------------------
     0 | D:1      | KeiraKnightley the Centaur Hunter began the quest for the Orb.
     0 | D:1      | Reached XP level 1. HP: 17/17 MP: 1/1
   264 | D:1      | Reached XP level 2. HP: 22/24 MP: 2/2
   803 | D:1      | Reached skill level 6 in Bows
  1213 | D:2      | Noticed Jessica
  1217 | D:2      | Killed Jessica
  1217 | D:2      | Reached XP level 3. HP: 30/30 MP: 3/3
  1842 | D:2      | Reached XP level 4. HP: 37/37 MP: 4/4
  1958 | D:2      | Found a shimmering altar of Xom.
  1959 | D:2      | Found a hazy altar of Hepliaklqana.
  1960 | D:2      | Noticed a spectral ugly thing
  2055 | D:3      | Reached skill level 7 in Bows
  2126 | D:3      | Found a sparkling altar of Nemelex Xobeh.
  2153 | D:3      | Found a deep blue altar of Sif Muna.
  2360 | D:3      | Found a glowing golden altar of the Shining One.
  2740 | D:3      | Reached XP level 5. HP: 45/45 MP: 5/5
  2975 | D:3      | Reached skill level 1 in Long Blades
  3108 | D:4      | Reached skill level 8 in Bows
  3112 | D:4      | Reached XP level 6. HP: 40/52 MP: 6/6
  3154 | D:4      | Slain by a hound

Skill      XL: |  1  2  3  4  5 |
---------------+----------------+-----
Bows           | 6 7 8 |  8.3
Fighting       | 3 |  3.7
Long Blades    | 1 |  1.5
Dodging        | |  1.3
Stealth        | |  0.4

Action                   |  1- 3 |  4- 6 || total
-------------------------+-------+-------++-------
Melee: Short sword       |   114 |    15 ||   129
       Kick              |    15 |    12 ||    27
       Falchion          |       |    44 ||    44
 Fire: Shortbow          |    21 |    55 ||    76
  Use: Scroll            |       |     7 ||     7
       Potion            |       |     2 ||     2
  Eat: Chunk             |     2 |     3 ||     5
Armor: Leather armour    |    64 |    19 ||    83
       Ring mail         |       |    10 ||    10
Dodge: Dodged            |    65 |    38 ||   103
       Rpst.: Falchion   |       |    10 ||    10
